 Dungeon Crawl Stone Soup version 0.28-a0-1389-gc726bef33b (webtiles) character file.

Game seed: 11329715498671933892

301 Grim the Basher (level 6, 0/76 HPs)
             Began as a Minotaur Berserker on Jan 3, 2022.
             Was a Believer of Trog.
             Succumbed to a kobold brigand's curare-tipped dart
             ... in a sewer.
             The game lasted 00:03:05 (3750 turns).

Grim the Basher (Minotaur Berserker)                Turns: 3750, Time: 00:03:05

Health: 0/76       AC:  2    Str: 22    XL:     6   Next: 14%
Magic:  5/5        EV: 12    Int:  6    God:    Trog [**....]
Gold:   83         SH:  0    Dex:  9    Spells: 5/5 levels left

rFire   . . .      SeeInvis .   n - +5 mace "Qott" {vorpal, *Corrode rC++}
rCold   + + .      Faith    .   (no shield)
rNeg    . . .      Spirit   .   b - +0 animal skin
rPois   .          Reflect  .   (helmet restricted)
rElec   .          Harm     .   (no cloak)
rCorr   +          Rampage  .   (no gloves)
Will    .....                   (no boots)
Stlth   ..........              (no amulet)
HPRegen 0.22/turn               m - ring of resist corrosion
MPRegen 0.09/turn               (no ring)

@: berserking (expiring), lethally poisoned (0 -> -6), slowed, very slow
A: horns 2, retaliatory headbutt
a: Renounce Religion, Berserk, Trog's Hand


You were in a sewer.
You worshipped Trog.
Trog was pleased with you.
You visited 1 branch of the dungeon, and saw 3 of its levels.
You also visited: Sewer.

You collected 83 gold pieces.

Inventory:

Hand Weapons
 a - a +0 mace
 n - the +5 mace "Qott" (weapon) {vorpal, *Corrode rC++}
   (You found it on level 3 of the Dungeon)

   It inflicts extra damage upon your enemies.
   rC:        It greatly protects you from cold.
   *Corrode:  It may corrode you when you take damage.
Missiles
 h - 6 poisoned darts (quivered)
Armour
 b - a +0 animal skin (worn)
Jewellery
 m - a ring of resist corrosion (left hand)
Scrolls
 c - 7 scrolls of identify {unknown}
 d - a scroll of torment {unknown}
 e - 2 scrolls of blinking {unknown}
 j - a scroll of enchant armour {unknown}
Potions
 f - a potion of might {unknown}
 g - 2 potions of heal wounds {unknown}
 i - 3 potions of brilliance {unknown}
 k - 2 potions of degeneration {unknown}
 l - a potion of attraction {unknown}


   Skills:
 - Level 3.6 Fighting
 + Level 8.4 Maces & Flails
 - Level 2.4 Armour
 - Level 2.1 Dodging


You had 5 spell levels left.
You didn't know any spells.
Your spell library was empty.

Dungeon Overview and Level Annotations

Branches:
Dungeon (3/15)              Sewer (1/1)

Altars:
Dithmenos
Uskayaw
Xom
Yredelemnul


Innate Abilities, Weirdness & Mutations

You have a pair of horns on your head.
You reflexively headbutt those who attack you in melee.


Message History

The kobold brigand closely misses you. You furiously retaliate!
You headbutt the kobold brigand!!
The kobold brigand hits you but does no damage.
The kobold brigand closely misses you. x2; You furiously retaliate!
You headbutt the kobold brigand.
You are too injured to fight recklessly!
You are too injured to fight recklessly!
You are too injured to fight recklessly!
You are too injured to fight recklessly!
You are too injured to fight recklessly!
You hit the kobold brigand.
The kobold brigand is almost dead.
You feel very sick.
The kobold brigand hits you with a +0 club.
* * * LOW HITPOINT WARNING * * *
The kobold brigand splashes around in the water.
You closely miss the kobold brigand.
Your headbutt misses the kobold brigand.
The kobold brigand is almost dead.
You feel very sick.
The kobold brigand hits you with a +0 club!
* * * LOW HITPOINT WARNING * * *
The kobold brigand splashes around in the water.
Your unstable footing causes you to fumble your attack.
* * * LOW HITPOINT WARNING * * *
You feel very sick.
The kobold brigand hits you with a +0 club.
* * * LOW HITPOINT WARNING * * *
The kobold brigand closely misses you.
You barely miss the kobold brigand. You headbutt the kobold brigand.
You kill the kobold brigand!
Trog accepts your kill.
You hear a splash. x2
* * * LOW HITPOINT WARNING * * *
You feel sick.
The kobold brigand splashes around in the water.
Your Maces & Flails skill increases to level 8!
You have reached level 6!
Your unstable footing causes you to fumble your attack.
You die...

#...##
##..≈#
#...#
#≈.≈#
#≈≈.#
#.≈≈#
##≈≈≈##
##≈≈≈##
#...≈≈#
#≈≈≈≈≈#
#.###≈#
#≈###≈#
#≈# #≈#
#≈# #≈#
##≈###≈##
##.###≈##
#...#≈@.#
#.≈≈#≈≈≈#
#)#†#K#)#
#)#†#≈#≈#
#≈#≈#≈ ≈#
#≈#≈#≈#≈#
#≈#≈#≈ ≈#
#≈#≈#≈#≈#
#.#.#. .#
#.#.#.#.#
###### ##
#########


You could see a kobold brigand.

Vanquished Creatures
  A kobold brigand (Sewer)
  A scorpion (D:2)
  Jessica (D:3)
  A gnoll (D:1)
  6 adders
  6 worms
  3 dart slugs
  An orc (D:3)
  4 ball pythons
  9 bats
  6 endoplasms
  A giant cockroach (D:3)
  4 goblins
  2 hobgoblins
  4 jackals (D:1)
  2 quokkas (D:2)
  2 frilled lizards
  7 kobolds
  9 rats
70 creatures vanquished.

Notes
Turn   | Place    | Note
-------+----------+-------------------------------------------
     0 | D:1      | Grim the Minotaur Berserker began the quest for the Orb.
     0 | D:1      | Reached XP level 1. HP: 19/19 MP: 0/0
    63 | D:1      | Reached skill level 4 in Maces & Flails
   471 | D:1      | Reached XP level 2. HP: 25/26 MP: 1/1
   784 | D:1      | Reached skill level 5 in Maces & Flails
   859 | D:1      | Reached XP level 3. HP: 18/31 MP: 2/2
   859 | D:1      | Reached ** piety under Trog
  1736 | D:2      | Noticed a scorpion
  1741 | D:2      | Killed a scorpion
  1742 | D:2      | Reached skill level 6 in Maces & Flails
  1742 | D:2      | Reached XP level 4. HP: 39/39 MP: 3/3
  1805 | D:2      | Found a shadowy altar of Dithmenos.
  2489 | D:2      | Reached XP level 5. HP: 36/45 MP: 4/4
  2702 | D:2      | Found a faded altar of an unknown god.
  2824 | D:2      | Reached skill level 7 in Maces & Flails
  3150 | D:3      | Identified the +5 mace "Qott" {vorpal, *Corrode rC++}
  3173 | D:3      | Noticed Jessica
  3181 | D:3      | Killed Jessica
  3447 | D:3      | Found a shimmering altar of Xom.
  3447 | D:3      | Found a hide-covered altar of Uskayaw.
  3447 | D:3      | Found a basalt altar of Yredelemnul.
  3518 | D:3      | Found a glowing drain.
  3529 | Sewer    | Entered a sewer
  3748 | Sewer    | HP: 3/67 [kobold brigand (4)]
  3750 | Sewer    | Reached skill level 8 in Maces & Flails
  3750 | Sewer    | Reached XP level 6. HP: 2/51 MP: 5/5
  3750 | Sewer    | Succumbed to a kobold brigand's curare-tipped dart

Illustrated notes

Levels and vault maps discovered:
D:1:      grunt_arrival_crossed_arrows, layout_loops_corners
D:2:      cheibrodos_old_hovel, layout_loops_corners, basic_altar,
          ebering_ecumenical_altar_box
D:3:      layout_loops_ring, gammafunk_temple_overflow_claw,
          portal_sewer_entry_a, uniq_jessica
Sewer:    sewer_co_tree

Skill      XL: |  1  2  3  4  5 |
---------------+----------------+-----
Maces & Flails | 4 5 6 8 |  8.4
Fighting       | |  3.6
Armour         | |  2.4
Dodging        | |  2.1

Action                   |  1- 3 |  4- 6 || total
-------------------------+-------+-------++-------
Melee: Mace              |    55 |    89 ||   144
       Headbutt          |     8 |     9 ||    17
Invok: Berserk           |     1 |     1 ||     2
 Stab: Sleeping          |     1 |     1 ||     2
Armor: Animal skin       |    14 |    10 ||    24
Dodge: Dodged            |    26 |    62 ||    88

Table legend: (Time is in decaauts)
 A = Elapsed time spent in this place.
 B = Non-inter-level travel time spent in this place.
 C = Inter-level travel time spent in this place.
 D = Time resting spent in this place.
 E = Time spent auto-exploring this place.
 F = Levels seen in this place.
 G = Mean time per level.
                   A        B        C        D        E       F      G
               +--------+--------+--------+--------+--------+-----+--------+
         Total |   3800 |   3771 |     29 |    457 |   2840 |   4 |  950.0 |
       Dungeon |   3553 |   3524 |     29 |    370 |   2728 |   3 | 1184.3 |
         Sewer |    246 |    246 |      0 |     87 |    112 |   1 |  246.0 |
               +--------+--------+--------+--------+--------+-----+--------+

Top non-repeatable levels by time:
     D:2: 1631 daAuts
     D:1: 1310 daAuts
     D:3: 611 daAuts
   Sewer: 246 daAuts
